 Seeded DCSS version 0.30-a0-743-gbfdf073431 (webtiles) character file.

Game seed: 5430720872467839093 (custom seed)

47753 purpskrrrp the Markshuman (level 14, -15/116 HPs)
             Began as a Human Hunter on Feb 7, 2023.
             Was an Initiate of Gozag.
             Demolished by a lorocyproca (18 damage)
             ... on level 2 of the Abyss.
             The game lasted 00:43:28 (15810 turns).

purpskrrrp the Markshuman (Human Hunter)           Turns: 15810, Time: 00:43:29

Health: -15/116    AC: 16    Str: 30    XL:     14   Next: 83%
Magic:  0/14       EV: 20    Int: 14    God:    Gozag
Gold:   1205       SH:  0    Dex: 23    Spells: 13/13 levels left

rFire   . . .      SeeInvis .    v - +6 longbow of the Inferno {speed, Str+8}
rCold   . . .      Faith    .    (shield currently unavailable)
rNeg    + . .      Spirit   +    J - +4 Cigotuvi's embrace {Corpsefed rMiasma Drain rN+}
rPois   .          Reflect  .    X - +1 helmet {Int+3}
rElec   .          Harm     .    (no cloak)
rCorr   .          Rampage  .    (no gloves)
Will    ++...      Clarity  +    Z - +1 pair of boots {Fly}
Stlth   ++                       p - amulet "Ycycauwo" {Spirit Str+5}
HPRegen 0.39/turn                n - +6 ring of dexterity
MPRegen 0.14/turn                l - +6 ring of strength

@: mighty, flying, invisible, unable to read
A: iridescent scales 1, clarity, strong-willed 1, MP-powered wands, [clumsy 2],
[inability to read after injury 2]
a: Renounce Religion, Potion Petition, Call Merchant, Bribe Branch


You were on level 2 of the Abyss.
You worshipped Gozag.
Gozag was most pleased with you.
You visited 1 branch of the dungeon, and saw 15 of its levels.
You visited the Abyss 1 time.
You also visited: Gauntlet.

You collected 5629 gold pieces.
You spent 1579 gold pieces at shops.
You paid 2845 gold pieces to Gozag.

Inventory:

Hand Weapons
 s - a +6 heavy arbalest
 v - the +6 longbow of the Inferno (weapon) {speed, Str+8}
   (You took it off a minotaur in a Gauntlet)

   Str:       It affects your strength (+8).
Armour
 a - +7 shadow dragon scales
 o - the +2 robe of Binutifa {rPois Dex+5}
   (You found it on level 3 of the Dungeon)

   Dex:       It affects your dexterity (+5).
   rPois:     It protects you from poison.
 J - the +4 Cigotuvi's embrace (worn) {Corpsefed rMiasma Drain rN+}
   (You bought it in a shop on level 13 of the Dungeon)

   Corpsefed: It gathers nearby corpses to temporarily increase the armour it
   provides.
   rMiasma:   It protects you from foul pestilence.
   rN:        It protects you from negative energy.
   Drain:     It drains your maximum health when unequipped.
 X - a +1 helmet of intelligence (worn)
 Z - a +1 pair of boots of flying (worn)
Jewellery
 c - a +4 ring of slaying
 g - an amulet of reflection
 i - a ring of wizardry
 j - an amulet of the acrobat
 l - a +6 ring of strength (right hand)
 n - a +6 ring of dexterity (left hand)
 p - the amulet "Ycycauwo" (around neck) {Spirit Str+5}
   (You acquired it on level 2 of the Dungeon)

   [amulet of guardian spirit]

   It causes incoming damage to be divided between your reserves of health and
   magic.
   Str:       It affects your strength (+5).
 q - a ring of protection from cold
 y - a +4 ring of protection
 L - a +4 ring of slaying
Wands
 w - a wand of mindburst (22)
 C - a wand of roots (10)
 D - a wand of polymorph (16)
 E - a wand of quicksilver (2)
 M - a wand of flame (25)
 P - a wand of paralysis (21)
 V - a wand of digging (9)
Scrolls
 b - 4 scrolls of immolation
 e - 2 scrolls of teleportation
 f - 2 scrolls of amnesia
 k - a scroll of fog {unknown}
 m - a scroll of poison
 u - a scroll of silence {unknown}
 A - a scroll of butterflies {unknown}
 G - 2 scrolls of magic mapping
 O - a scroll of fear
Potions
 d - a potion of magic
 t - 2 potions of flight
 x - a potion of ambrosia {unknown}
 z - 4 potions of berserk rage
 B - a potion of might {unknown}
 H - 2 potions of brilliance
Miscellaneous
 r - a condenser vane


   Skills:
 + Level 12.9 Fighting
 * Level 15.4 Ranged Weapons
 * Level 14.8 Armour
 + Level 9.8 Dodging
 - Level 1.0 Stealth


You had 13 spell levels left.
You didn't know any spells.
Your spell library contained the following spells:

 Spells                   Type           Power      Damage    Failure   Level
 Kiss of Death            Conj/Necr      0%         2d5       30%         1
 Slow                     Hex            0%         N/A       30%         1
 Sting                    Tmut/Pois      0%         1d3       30%         1
 Blink                    Tloc           0%         N/A       43%         2
 Cigotuvi's Dreadful Rot  Necr/Pois/Air  0%         N/A       43%         2
 Poisonous Vapours        Pois/Air       0%         N/A       43%         2
 Static Discharge         Conj/Air       0%         2-2/arc   43%         2
 Confusing Touch          Hex            0%         N/A       67%         3
 Inner Flame              Hex/Fire       0%         N/A       67%         3
 Ozocubu's Armour         Ice            0%         N/A       67%         3
 Vampiric Draining        Necr           0%         2d6       67%         3
 Vhi's Electric Charge    Tloc/Air       0%         N/A       67%         3
 Dispel Undead            Necr           0%         3d6       97%         4
 Flame Wave               Conj/Fire      0%         2d4       97%         4
 Manifold Assault         Tloc           0%         N/A       97%         4
 Olgreb's Toxic Radiance  Pois           0%         N/A       97%         4
 Sticky Flame             Conj/Fire      0%         2d3       97%         4
 Arcjolt                  Conj/Air       0%         1d10      100%        5
 Lightning Bolt           Conj/Air       0%         1d11      100%        5
 Death Channel            Necr           0%         N/A       100%        6
 Ozocubu's Refrigeration  Ice            0%         4d7       100%        7
 Storm Form               Tmut/Air       0%         N/A       100%        7


Dungeon Overview and Level Annotations

Branches:
Dungeon (15/15)            Temple (0/1) D:4            Lair (0/5) D:11
    Orc (0/2) D:11         Vaults (0/5) D:13         Depths (0/4) D:15
Gauntlet (visited)

Altars:
Ashenzari
Elyvilon
Fedhas
Gozag
Hepliaklqana
Kikubaaqudgha
Makhleb
Okawaru
Qazlal
Trog

Shops:
D:2 ?   D:6 ([   D:9 *   D:13 ([


Innate Abilities, Weirdness & Mutations

You are partially covered in iridescent scales. (AC +2)
You possess an exceptional clarity of mind.
You are strong-willed. (Will+)
You expend magic power (3 MP) to strengthen your wands.
[You are very clumsy. (Dex -4)]
[You sometimes lose the ability to read scrolls when taking damage.]


Message History

You shoot an arrow. You shoot an arrow. Something closely misses you.
You shoot an arrow. You shoot an arrow. Something hits you!!
* * * LOW HITPOINT WARNING * * *
[a] - 324 gold - brilliance and magic [b] - 192 gold - might and brilliance [c] - 576 gold - resistance, might and haste Purchase which effect? [a] - 324 gold - brilliance and magic [b] - 192 gold - might and brilliance [c] - 576 gold - resistance, might and haste Purchase which effect? [a] - 324 gold - brilliance and magic [b] - 192 gold - might and brilliance [c] - 576 gold - resistance, might and haste Purchase which effect? [a] - 324 gold - brilliance and magic [b] - 192 gold - might and brilliance [c] - 576 gold - resistance, might and haste Purchase which effect? [a] - 324 gold - brilliance and magic [b] - 192 gold - might and brilliance [c] - 576 gold - resistance, might and haste Purchase which effect? [a] - 324 gold - brilliance and magic [b] - 192 gold - might and brilliance [c] - 576 gold - resistance, might and haste Purchase which effect? [a] - 324 gold - brilliance and magic [b] - 192 gold - might and brilliance [c] - 576 gold - resistance, might and haste Purchase which effect? [a] - 324 gold - brilliance and magic [b] - 192 gold - might and brilliance [c] - 576 gold - resistance, might and haste Purchase which effect?
Something hits you!!
You die...
Your body crumbles into a pile of gold.

## .. #.#. ...#
... ##....... .
. ... ... .....#
.#.##.# $.#....#
#....#..#.#.....
# #.#....#.....
.# ####....# # #
# ##..#{.##
##.@.## . ##...#
♣~~##.# ~.~. .#
.~~~. .#
#.≈~.~.. ##~≈.~#
# ##...#


There were no monsters in sight!

Vanquished Creatures
  A bone dragon (Abyss:2)
  Nessos (D:13)
  A minotaur (Gauntlet)
  Snorg (D:13)
  4 vault guards (D:13)
  A hydra (D:13)
  6 two-headed ogres
  2 centaur warriors
  A tengu warrior (D:13)
  A boulder beetle (D:12)
  A vampire mage (Abyss:2)
  A wretched star (Abyss:2)
  A soul eater (Gauntlet)
  A death drake (Gauntlet)
  2 starcursed masses (Abyss:2)
  A necromancer (Gauntlet)
  2 deep elf pyromancers
  14 ugly things
  A phantasmal warrior (D:15)
  3 cyclopes
  4 manticores
  A centaur zombie (Gauntlet)
  Joseph (D:8)
  A smoke demon (Abyss:2)
  A gargoyle (D:10)
  An unseen horror (D:12)
  Psyche (D:8)
  A komodo dragon (D:11)
  2 kobold demonologists (D:14)
  A tengu conjurer (D:14)
  An ancient zyme (Abyss:2)
  3 trolls
  A hornet (D:8)
  The ghost of holysushi the Spear-Bearer, an amateur MfGl (D:4)
  4 raiju (Abyss:2)
  5 slime creatures
  2 wraiths
  2 shadows
  36 yaks
  A basilisk (D:14)
  A wyvern (D:8)
  A water elemental (D:11)
  4 large abominations (Abyss:2)
  7 humans (D:13)
  A fire bat (shapeshifter) (D:15)
  A neqoxec (Abyss:2)
  3 vampire mosquitoes
  A basilisk (shapeshifter) (D:14)
  2 acid dragons
  3 water moccasins
  Duvessa (D:5)
  A hornet zombie (Gauntlet)
  2 ice beasts
  10 orc warriors
  A sky beast (D:7)
  17 centaurs
  An ogre (D:7)
  4 wolves (Gauntlet)
  2 small abominations (Abyss:2)
  3 kobold brigands
  Blork the orc (D:4)
  6 bullfrogs
  6 gnoll sergeants
  3 scorpions
  4 necrophages
  Dowan (D:5)
  5 wights
  5 howler monkeys
  10 electric eels
  A crimson imp (D:7)
  A quasit (Abyss:2)
  A gnoll bouda (D:6)
  11 orc priests
  4 hounds
  A jelly (D:6)
  3 iguanas
  A boggart zombie (Gauntlet)
  17 orc wizards
  36 gnolls
  12 adders
  3 shadow imps
  6 white imps
  An ufetubus (D:5)
  3 worms (D:4)
  A dart slug (D:4)
  48 orcs
  3 bats
  7 endoplasms
  3 giant cockroaches
  7 hobgoblins
  7 jackals
  15 kobolds
  5 quokkas
  8 ball pythons
  2 frilled lizards
  4 goblins
  3 rats
437 creatures vanquished.

Vanquished Creatures (others)
  A wizard (D:8)
  A human (D:13)
  A vampire mosquito (D:13)
  5 plants (D:14)
  30 withered plants
38 creatures vanquished.

Grand Total: 475 creatures vanquished

Notes
Turn   | Place    | Note
-------+----------+-------------------------------------------
     0 | D:1      | purpskrrrp the Human Hunter began the quest for the Orb.
     0 | D:1      | Reached XP level 1. HP: 16/16 MP: 1/1
    61 | D:1      | Reached XP level 2. HP: 18/22 MP: 2/2
    65 | D:1      | Reached skill level 1 in Armour
   580 | D:1      | Reached XP level 3. HP: 27/27 MP: 3/3
  1114 | D:2      | Found Doddoiw's Magic Scroll Shoppe.
  1208 | D:2      | Noticed a necrophage
  1211 | D:2      | Killed a necrophage
  1212 | D:2      | Reached XP level 4. HP: 27/33 MP: 4/4
  1363 | D:2      | Reached skill level 5 in Ranged Weapons
  1366 | D:2      | Reached XP level 5. HP: 38/38 MP: 5/5
  1512 | D:2      | You fall into a shaft and drop 1 floor!
  1515 | D:3      | Identified the +2 robe of Binutifa {rPois Dex+5}
  1583 | D:3      | Reached XP level 6. HP: 36/44 MP: 6/6
  1968 | D:2      | Identified 4 scrolls of acquirement
  1968 | D:2      | Acquired the amulet "Ycycauwo" {Spirit Str+5}
  1975 | D:2      | Acquired a +3 arbalest of freezing
  1977 | D:2      | Acquired 1139 gold pieces
  1979 | D:2      | Acquired 648 gold pieces
  2030 | D:3      | Found a faded altar of an unknown god.
  2128 | D:3      | Found an iron altar of Okawaru.
  2203 | D:3      | Identified the +3 short sword of the Manifold Quests
                  | {flame, rElec Int+5}
  2464 | D:4      | Noticed holysushi's ghost (amateur MfGl)
  2464 | D:4      | Found a runed translucent door.
  2495 | D:4      | Reached skill level 6 in Ranged Weapons
  2496 | D:4      | Killed holysushi's ghost
  2497 | D:4      | Reached skill level 5 in Armour
  2497 | D:4      | Reached XP level 7. HP: 40/50 MP: 4/7
  2545 | D:4      | Found a staircase to the Ecumenical Temple.
  2839 | D:4      | Reached skill level 7 in Ranged Weapons
  2937 | D:4      | Reached XP level 8. HP: 56/56 MP: 8/8
  2991 | D:4      | Noticed Blork the orc
  2993 | D:4      | Killed Blork the orc
  3460 | D:2      | Bought a scroll of identify for 28 gold pieces
  3460 | D:2      | Bought a scroll of enchant armour for 105 gold pieces
  3460 | D:2      | Bought a scroll of enchant armour for 105 gold pieces
  3460 | D:2      | Bought a scroll of identify for 28 gold pieces
  3460 | D:2      | Bought a scroll of fear for 56 gold pieces
  3460 | D:2      | Bought a scroll of blinking for 105 gold pieces
  3462 | D:2      | Gained mutation: You expend magic power (3 MP) to
                  | strengthen your wands. [potion of mutation]
  3462 | D:2      | Gained mutation: You are strong-willed. (Will+) [potion of
                  | mutation]
  3462 | D:2      | Gained mutation: Your system is resistant to poisons.
                  | (rPois) [potion of mutation]
  3538 | D:5      | Entered Level 5 of the Dungeon
  3615 | D:5      | Noticed Dowan
  3619 | D:5      | Killed Dowan
  3619 | D:5      | Noticed Duvessa
  3622 | D:5      | Killed Duvessa
  3680 | D:5      | Reached skill level 8 in Ranged Weapons
  3843 | D:5      | Noticed a two-headed ogre
  3852 | D:5      | Killed a two-headed ogre
  3853 | D:5      | Reached skill level 9 in Ranged Weapons
  3853 | D:5      | Reached XP level 9. HP: 29/61 MP: 5/9
  4430 | D:6      | Noticed a two-headed ogre
  4437 | D:6      | Killed a two-headed ogre
  4438 | D:6      | Reached skill level 10 in Ranged Weapons
  4612 | D:6      | Found a broken altar of Ashenzari.
  4669 | D:6      | Reached XP level 10. HP: 66/67 MP: 8/10
  4688 | D:6      | Found an opulent altar of Gozag.
  4703 | D:6      | Became a worshipper of Gozag Ym Sagoz the Greedy
  4773 | D:6      | Found a white marble altar of Elyvilon.
  4773 | D:6      | Found an ancient bone altar of Kikubaaqudgha.
  4779 | D:6      | Found a blossoming altar of Fedhas.
  4779 | D:6      | Found a burning altar of Makhleb.
  5759 | D:7      | Reached skill level 10 in Armour
  5938 | D:7      | Reached skill level 11 in Ranged Weapons
  6410 | D:8      | Noticed Joseph
  6416 | D:8      | Paralysed by Joseph for 3 turns
  6420 | D:8      | Killed Joseph
  6672 | D:8      | Found a bloodstained altar of Trog.
  6946 | D:8      | Noticed Psyche
  6949 | D:8      | Killed Psyche
  6957 | D:8      | Reached XP level 11. HP: 75/75 MP: 11/11
  7289 | D:8      | Reached skill level 5 in Fighting
  7398 | D:8      | Noticed a wizard
  7402 | D:8      | Killed a wizard
  7688 | D:9      | Noticed a cyclops
  7691 | D:9      | Killed a cyclops
  7692 | D:9      | Reached skill level 12 in Ranged Weapons
  7700 | D:9      | Noticed a manticore
  7711 | D:9      | Killed a manticore
  7970 | D:9      | Found a stormy altar of Qazlal.
  8131 | D:9      | Reached skill level 5 in Dodging
  8331 | D:9      | Found Ysacrel's Fire Supplies.
  8354 | D:9      | Bought a scroll of immolation for 60 gold pieces
  8961 | D:6      | Bought a shiny helmet for 217 gold pieces
  8961 | D:6      | Bought a glowing helmet for 217 gold pieces
  8961 | D:6      | Bought a pair of glowing boots for 217 gold pieces
  9103 | D:10     | Entered Level 10 of the Dungeon
  9278 | D:10     | Noticed a two-headed ogre
  9283 | D:10     | Killed a two-headed ogre
  9336 | D:10     | Reached XP level 12. HP: 83/91 MP: 12/12
  9572 | D:10     | Noticed a two-headed ogre
  9576 | D:10     | Killed a two-headed ogre
 10171 | D:11     | Reached skill level 13 in Ranged Weapons
 10210 | D:11     | Found a staircase to the Lair.
 10623 | D:11     | Found a staircase to the Orcish Mines.
 11019 | D:12     | Noticed a two-headed ogre
 11026 | D:12     | Reached skill level 10 in Fighting
 11030 | D:12     | Killed a two-headed ogre
 11218 | D:12     | Noticed a boulder beetle
 11221 | D:12     | Reached XP level 13. HP: 104/104 MP: 13/13
 11579 | D:13     | Noticed Nessos
 11579 | D:13     | Noticed a five-headed hydra
 11581 | D:13     | Found a gate leading to a gauntlet.
 11584 | Gauntlet | Entered a Gauntlet
 11584 | Gauntlet | Found a transporter.
 11603 | Gauntlet | Found a transporter.
 11608 | Gauntlet | Found a transporter.
 11613 | Gauntlet | Found a transporter.
 11630 | Gauntlet | Found a transporter.
 11649 | Gauntlet | Found a transporter.
 11661 | Gauntlet | Found a transporter.
 11673 | Gauntlet | Found a transporter.
 11685 | Gauntlet | Found a transporter.
 11697 | Gauntlet | Found a transporter.
 11714 | Gauntlet | Found a transporter.
 11714 | Gauntlet | Found a transporter.
 11734 | Gauntlet | Found a transporter.
 11754 | Gauntlet | Found a transporter.
 11776 | Gauntlet | Found a transporter.
 11853 | Gauntlet | Found a transporter.
 11880 | Gauntlet | Found a transporter.
 12097 | Gauntlet | Found a transporter.
 12402 | Gauntlet | Identified the +6 longbow of the Inferno {speed, Str+8}
 12402 | Gauntlet | Identified the +1 chain mail of the Chupacabra {rC+ Regen+
                  | rCorr}
 12402 | Gauntlet | Noticed a minotaur
 12411 | Gauntlet | Killed a minotaur
 12432 | Gauntlet | Identified the +6 spear "Killer Bee's Peril" {heavy, Int-3
                  | SInv Stlth+}
 12657 | D:13     | Noticed Snorg
 12691 | D:13     | Killed a five-headed hydra
 12765 | D:13     | Reached skill level 14 in Ranged Weapons
 12795 | D:13     | Killed Nessos
 12805 | D:13     | Killed Snorg
 13181 | D:13     | Found Wadar's Antique Weapon Emporium.
 13189 | D:13     | Noticed a centaur warrior
 13192 | D:13     | Killed a centaur warrior
 13211 | D:13     | Noticed a vault guard
 13214 | D:13     | Noticed a vault guard
 13221 | D:13     | Noticed a vault guard
 13226 | D:13     | Killed a vault guard
 13241 | D:13     | Noticed a vault guard
 13242 | D:13     | Killed a vault guard
 13246 | D:13     | Killed a vault guard
 13258 | D:13     | Killed a vault guard
 13259 | D:13     | Reached XP level 14. HP: 73/115 MP: 11/14
 13413 | D:13     | Found a gate to the Vaults.
 13550 | D:13     | Bought the +4 Cigotuvi's embrace {Corpsefed rMiasma Drain
                  | rN+} for 441 gold pieces
 13550 | D:13     | Found the +4 Cigotuvi's embrace {Corpsefed rMiasma Drain
                  | rN+}
 14252 | D:14     | Found a hazy altar of Hepliaklqana.
 14720 | D:14     | Lost mutation: You expend magic power (3 MP) to strengthen
                  | your wands. [potion of mutation]
 14720 | D:14     | Lost mutation: Your system is resistant to poisons. (rPois)
                  | [potion of mutation]
 14720 | D:14     | Gained mutation: You expend magic power (3 MP) to
                  | strengthen your wands. [potion of mutation]
 14720 | D:14     | Gained mutation: You possess an exceptional clarity of
                  | mind. [potion of mutation]
 14720 | D:14     | Gained mutation: You are partially covered in iridescent
                  | scales. (AC +2) [potion of mutation]
 14742 | D:15     | Entered Level 15 of the Dungeon
 14839 | D:15     | Reached skill level 15 in Ranged Weapons
 15172 | D:15     | Found a staircase to the Depths.
 15238 | Abyss:2  | Cast into level 2 of the Abyss (death knight)
 15451 | Abyss:2  | Noticed a starcursed mass
 15518 | Abyss:2  | Noticed a lich
 15578 | Abyss:2  | Noticed a bone dragon
 15605 | Abyss:2  | HP: 4/116 [bone dragon (11)]
 15618 | Abyss:2  | Killed a bone dragon
 15670 | Abyss:2  | Noticed a tentacled starspawn
 15799 | Abyss:2  | HP: 3/116 [something (23)]
 15809 | Abyss:2  | HP: 3/116 [something (19)]
 15810 | Abyss:2  | Demolished by a lorocyproca

Illustrated notes

Levels and vault maps discovered:
D:1:      dpeg_arrival_boxes_within_box, layout_basic
D:2:      layout_loops_ring, serial_shops, shop, nicolae_kite_square_tiling_tiny
D:3:      layout_rooms, okawaru_metal_pillars_3, ebering_ecumenical_altar_rust
D:4:      layout_basic, minmay_temple_entry_overgrown, ebering_ghost_sewer_d,
          minmay_manual_monstrance, uniq_blork_the_orc
D:5:      layout_basic, uniq_duvessa
D:6:      layout_gridville, mainiacjoe_overflow_tiny_flanked,
          grunt_temple_overflow_open, cheibrodos_ashenzari_chains, minivault_5,
          minmay_pentangle
D:7:      layout_cave_pools, minmay_fire_ice_demons
D:8:      layout_basic, trog_wizard, chequers_serial_rivers_marsh, uniq_psyche,
          uniq_joseph
D:9:      minmay_ornate_pinched, layout_basic, general_overflow_altar,
          roderic_serpentine_path, nicolae_shop_fire_sale
          [nicolae_sub_dead_trees], minmay_crystal_water, grunt_ministairs_1
D:10:     layout_cave_pools, dk_noncrumbling_3
D:11:     layout_cave_pools, lair_entry_dummy, erik_orc_2
D:12:     layout_rooms, minivault_10
D:13:     layout_big_octagon, ximxim_vaults_locker_room, gauntlet_entry_generic,
          serial_shops, shop, kennysheep_doodads, uniq_snorg, uniq_nessos
D:14:     layout_basic, minmay_misc_feat_secret_circle,
          nicolae_hepliaklqana_hazy_memory
D:15:     grunt_enter_depths_giant_problem, layout_long_grid,
          kiku_gazebo_garden_becter
Abyss:2:  base: D:9, minivault_23, hangedman_abyss_or_decor_stagger,
          minivault_27, hangedman_decor_points, hangedman_abyss_monster_moat

Skill      XL: |  1  2  3  4  5  6  7  8  9 10 11 12 13 14 |
---------------+-------------------------------------------+-----
Armour         | 1 2 3 5 8 9 10 11 12 13 14 | 14.8
Ranged Weapons | 5 6 7 9 10 11 12 13 14 15 | 15.4
Fighting       | 3 7 10 12 | 12.9
Dodging        | 5 7 8 9 |  9.8
Stealth        | |  1.0

Action                     |  1- 3 |  4- 6 |  7- 9 | 10-12 | 13-15 || total
---------------------------+-------+-------+-------+-------+-------++-------
   Fire: Shortbow          |    56 |    66 |       |       |       ||   122
         Arbalest          |       |    25 |   118 |   495 |    63 ||   701
         Longbow           |       |       |       |       |   472 ||   472
  Throw: Throwing net      |       |       |       |       |     1 ||     1
 Invoke: Call Merchant     |       |       |       |     2 |     1 ||     3
         Potion Petition   |       |       |       |       |     3 ||     3
    Use: Scroll            |     3 |     5 |     6 |    22 |    11 ||    47
         Potion            |       |       |     1 |     5 |    12 ||    18
 Armour: Leather armour    |     5 |     9 |       |       |    20 ||    34
         Robe              |       |    12 |     7 |     7 |       ||    26
         Shadow dragon sca |       |       |       |    83 |   174 ||   257
  Dodge: Dodged            |    15 |    70 |    18 |   181 |   242 ||   526

Table legend: (Time is in decaauts)
 A = Elapsed time spent in this place.
 B = Non-inter-level travel time spent in this place.
 C = Inter-level travel time spent in this place.
 D = Time resting spent in this place.
 E = Time spent auto-exploring this place.
 F = Levels seen in this place.
 G = Mean time per level.
                   A        B        C        D        E       F      G
               +--------+--------+--------+--------+--------+-----+--------+
         Total |  16146 |  15259 |    887 |   1841 |  10255 |  17 |  949.8 |
       Dungeon |  14727 |  13840 |    887 |   1841 |   9559 |  15 |  981.8 |
         Abyss |    488 |    488 |      0 |      0 |    242 |   1 |  488.0 |
      Gauntlet |    930 |    930 |      0 |      0 |    454 |   1 |  930.0 |
               +--------+--------+--------+--------+--------+-----+--------+

Top non-repeatable levels by time:
     D:6: 1581 daAuts
     D:9: 1409 daAuts
     D:8: 1313 daAuts
    D:13: 1269 daAuts
     D:1: 1103 daAuts
     D:4: 1039 daAuts
    D:12: 1004 daAuts
    D:10: 952 daAuts
Gauntlet: 930 daAuts
    D:11: 905 daAuts
     D:3: 784 daAuts
    D:14: 780 daAuts
     D:2: 737 daAuts
     D:5: 734 daAuts
     D:7: 668 daAuts
